 Dungeon Crawl Stone Soup version 0.27.0-1-g7a089689b8 (webtiles) character file.

Game seed: 12288588073898124204

4 sanka the Ruffian (level 1, 0/18 HPs)
             Began as a Naga Transmuter on Aug 8, 2021.
             Slain by a kobold (5 damage)
             ... on level 1 of the Dungeon.
             The game lasted 00:00:41 (253 turns).

sanka the Ruffian (Naga Transmuter)                  Turns: 253, Time: 00:00:42

Health: 0/18       AC:  1    Str: 12    XL:     1   Next: 60%
Magic:  3/3        EV:  9    Int: 13    God:
Gold:   7          SH:  0    Dex: 11    Spells: 3/4 levels left

rFire    . . .     SeeInvis +     - Unarmed
rCold    + . .     Faith    .   (no shield)
rNeg     . . .     Spirit   .   a - +0 robe
rPois    +         Reflect  .   (no helmet)
rElec    .         Harm     .   (no cloak)
rCorr    .         Rampage  .   (no gloves)
Will     .....                  (no barding)
Stlth    +.........             (no amulet)
HPRegen  0.06/turn              (no ring)
MPRegen  0.08/turn              b - ring of protection from cold

@: short of breath, very slow
A: AC +0, large, see invisible, deformed body, poison resistance, slowness 2,
spit poison 1, naga tail 1
a: Spit Poison


You were on level 1 of the Dungeon.
You visited 1 branch of the dungeon, and saw 1 of its levels.

You collected 7 gold pieces.


Innate Abilities, Weirdness & Mutations

Your serpentine skin is tough. (AC +0)
You have supernaturally acute eyesight. (SInv)
Armour fits poorly on your strangely shaped body.
Your system is resistant to poisons. (rPois)
You cover ground very slowly.
You can spit poison.
You have a snake-like lower body.


   Skills:
 - Level 1.0 Fighting
 - Level 1.5 Dodging
 - Level 3.0 Unarmed Combat
 - Level 2.0 Spellcasting
 + Level 2.2 Transmutations
 + Level 1.0 Poison Magic


You had 3 spell levels left.
You knew the following spells:

 Your Spells              Type           Power      Damage    Failure   Level
z - Beastly Appendage     Tmut           14%        N/A       11%         1

Your spell library contained the following spells:

 Spells                   Type           Power      Damage    Failure   Level
 Wereblood                Tmut           7%         N/A       16%         2
 Spider Form              Tmut/Pois      2%         N/A       36%         3
 Ice Form                 Ice/Tmut       4%         N/A       85%         4

Inventory:

Armour
 a - a +0 robe (worn)
Jewellery
 b - a ring of protection from cold (right hand)

Dungeon Overview and Level Annotations

Branches:
Dungeon (1/15)

Altars:

. . .▒. ... ▒.▒ ▒.▒
▒.▒ ▒▒▒ ▒K▒ ▒^▒
▒▒▒▒N▒ ▒▒▒▒▒
▒...▒.......▒▒+▒▒^▒..
▒.▒▒.▒▒▒▒▒▒▒▒...▒▒▒.▒
▒.▒▒.▒ ▒^▒.>.....▒
▒.▒▒.▒ ▒▒▒...▒▒▒▒▒
▒.▒▒†▒▒▒▒▒▒.▒▒'▒▒X▒X▒
▒...........▒▒.▒▒▒▒▒▒
▒.▒▒▒.▒▒▒▒▒.▒..▒ ▒.▒
▒.▒ ▒.▒.▒▒


You could see a kobold.


Message History

The splash of poison hits the ball python.
You kill the ball python!
You see here a ball python corpse.
You have got your breath back.
A ball python comes into view.
The ball python hisses angrily.
The ball python bites you.
You hit the ball python.
You kill the ball python!
Your Poison Magic skill increases to level 1!
No target in view!
No target in view!
You see here a ball python corpse.
A kobold comes into view. It is wielding a +0 short sword.
Use which ability? (? or * to list)
Aim: a kobold, wielding a +0 short sword The splash of poison misses the kobold.
You closely miss the kobold.
The kobold hits you with a +0 short sword.
You closely miss the kobold.
The kobold hits you with a +0 short sword.
You closely miss the kobold.
The kobold hits you with a +0 short sword.
* * * LOW HITPOINT WARNING * * *
You closely miss the kobold.
The kobold hits you with a +0 short sword.
* * * LOW HITPOINT WARNING * * *
You hit the kobold but do no damage.
The kobold hits you with a +0 short sword.
You die...

Action                   || total
-------------------------++-------
Melee: Unarmed           ||     9
 Abil: Spit Poison       ||     4
Dodge: Dodged            ||     1

Levels and vault maps discovered:
D:1:      shiori_arrival_whats_in_store_for_you, layout_loops_ring

Notes
Turn   | Place    | Note
-------+----------+-------------------------------------------
     0 | D:1      | sanka the Naga Transmuter began the quest for the Orb.
     0 | D:1      | Reached XP level 1. HP: 18/18 MP: 3/3
     0 | D:1      | Noticed a large abomination
     0 | D:1      | Noticed a white draconian
     1 | D:1      | Noticed a tentacled monstrosity
     3 | D:1      | Noticed an orb of fire
     3 | D:1      | Noticed a tentacled monstrosity
     6 | D:1      | Noticed an orb of fire
     9 | D:1      | Noticed a large abomination
    11 | D:1      | Noticed an orb of fire
    11 | D:1      | Noticed a shadow dragon
    13 | D:1      | Noticed a shadow dragon
    13 | D:1      | Noticed a shadow dragon
    15 | D:1      | Noticed an iron dragon
    15 | D:1      | Noticed an ice dragon
    17 | D:1      | Noticed a shadow dragon
    17 | D:1      | Noticed a large abomination
    19 | D:1      | Noticed a large abomination
   223 | D:1      | Reached skill level 1 in Poison Magic
   253 | D:1      | Slain by a kobold

Vanquished Creatures
  2 ball pythons (D:1)
  A frilled lizard (D:1)
  A kobold (D:1)
  A rat (D:1)
5 creatures vanquished.
